%YAML 1.1
%TAG !u! tag:unity3d.com,2011:
--- !u!1 &8140252036241563297
GameObject:
  m_ObjectHideFlags: 0
  m_CorrespondingSourceObject: {fileID: 0}
  m_PrefabInstance: {fileID: 0}
  m_PrefabAsset: {fileID: 0}
  serializedVersion: 6
  m_Component:
  - component: {fileID: 5852929747367118503}
  - component: {fileID: 1763844725030378454}
  - component: {fileID: 4432591012402156643}
  - component: {fileID: 3682753758976542678}
  m_Layer: 11
  m_Name: Sphere
  m_TagString: Untagged
  m_Icon: {fileID: 0}
  m_NavMeshLayer: 0
  m_StaticEditorFlags: 0
  m_IsActive: 1
--- !u!4 &5852929747367118503
Transform:
  m_ObjectHideFlags: 0
  m_CorrespondingSourceObject: {fileID: 0}
  m_PrefabInstance: {fileID: 0}
  m_PrefabAsset: {fileID: 0}
  m_GameObject: {fileID: 8140252036241563297}
  m_LocalRotation: {x: 0, y: 0, z: 0, w: 1}
  m_LocalPosition: {x: 0, y: 0, z: 0}
  m_LocalScale: {x: 0.4, y: 0.4, z: 0.4}
  m_Children: []
  m_Father: {fileID: 1513308330811170503}
  m_RootOrder: 0
  m_LocalEulerAnglesHint: {x: 0, y: 0, z: 0}
--- !u!33 &1763844725030378454
MeshFilter:
  m_ObjectHideFlags: 0
  m_CorrespondingSourceObject: {fileID: 0}
  m_PrefabInstance: {fileID: 0}
  m_PrefabAsset: {fileID: 0}
  m_GameObject: {fileID: 8140252036241563297}
  m_Mesh: {fileID: 10207, guid: 0000000000000000e000000000000000, type: 0}
--- !u!23 &4432591012402156643
MeshRenderer:
  m_ObjectHideFlags: 0
  m_CorrespondingSourceObject: {fileID: 0}
  m_PrefabInstance: {fileID: 0}
  m_PrefabAsset: {fileID: 0}
  m_GameObject: {fileID: 8140252036241563297}
  m_Enabled: 1
  m_CastShadows: 1
  m_ReceiveShadows: 1
  m_DynamicOccludee: 1
  m_MotionVectors: 1
  m_LightProbeUsage: 1
  m_ReflectionProbeUsage: 1
  m_RayTracingMode: 2
  m_RenderingLayerMask: 1
  m_RendererPriority: 0
  m_Materials:
  - {fileID: 10303, guid: 0000000000000000f000000000000000, type: 0}
  m_StaticBatchInfo:
    firstSubMesh: 0
    subMeshCount: 0
  m_StaticBatchRoot: {fileID: 0}
  m_ProbeAnchor: {fileID: 0}
  m_LightProbeVolumeOverride: {fileID: 0}
  m_ScaleInLightmap: 1
  m_ReceiveGI: 1
  m_PreserveUVs: 0
  m_IgnoreNormalsForChartDetection: 0
  m_ImportantGI: 0
  m_StitchLightmapSeams: 1
  m_SelectedEditorRenderState: 3
  m_MinimumChartSize: 4
  m_AutoUVMaxDistance: 0.5
  m_AutoUVMaxAngle: 89
  m_LightmapParameters: {fileID: 0}
  m_SortingLayerID: 0
  m_SortingLayer: 0
  m_SortingOrder: 0
--- !u!135 &3682753758976542678
SphereCollider:
  m_ObjectHideFlags: 0
  m_CorrespondingSourceObject: {fileID: 0}
  m_PrefabInstance: {fileID: 0}
  m_PrefabAsset: {fileID: 0}
  m_GameObject: {fileID: 8140252036241563297}
  m_Material: {fileID: 0}
  m_IsTrigger: 0
  m_Enabled: 1
  serializedVersion: 2
  m_Radius: 0.5
  m_Center: {x: 0, y: 0, z: 0}
--- !u!1001 &7193104982884879095
PrefabInstance:
  m_ObjectHideFlags: 0
  serializedVersion: 2
  m_Modification:
    m_TransformParent: {fileID: 0}
    m_Modifications:
    - target: {fileID: 1206719482983690051, guid: 316f91c04b1d10949a657f97533fb654,
        type: 3}
      propertyPath: m_Name
      value: AT_Pyroblast_T_D0
      objectReference: {fileID: 0}
    - target: {fileID: 1206719482983690052, guid: 316f91c04b1d10949a657f97533fb654,
        type: 3}
      propertyPath: m_LocalPosition.x
      value: 0
      objectReference: {fileID: 0}
    - target: {fileID: 1206719482983690052, guid: 316f91c04b1d10949a657f97533fb654,
        type: 3}
      propertyPath: m_LocalPosition.y
      value: 0
      objectReference: {fileID: 0}
    - target: {fileID: 1206719482983690052, guid: 316f91c04b1d10949a657f97533fb654,
        type: 3}
      propertyPath: m_LocalPosition.z
      value: 0
      objectReference: {fileID: 0}
    - target: {fileID: 1206719482983690052, guid: 316f91c04b1d10949a657f97533fb654,
        type: 3}
      propertyPath: m_LocalRotation.x
      value: 0
      objectReference: {fileID: 0}
    - target: {fileID: 1206719482983690052, guid: 316f91c04b1d10949a657f97533fb654,
        type: 3}
      propertyPath: m_LocalRotation.y
      value: 0
      objectReference: {fileID: 0}
    - target: {fileID: 1206719482983690052, guid: 316f91c04b1d10949a657f97533fb654,
        type: 3}
      propertyPath: m_LocalRotation.z
      value: 0
      objectReference: {fileID: 0}
    - target: {fileID: 1206719482983690052, guid: 316f91c04b1d10949a657f97533fb654,
        type: 3}
      propertyPath: m_LocalRotation.w
      value: 1
      objectReference: {fileID: 0}
    - target: {fileID: 1206719482983690052, guid: 316f91c04b1d10949a657f97533fb654,
        type: 3}
      propertyPath: m_RootOrder
      value: 0
      objectReference: {fileID: 0}
    - target: {fileID: 1206719482983690052, guid: 316f91c04b1d10949a657f97533fb654,
        type: 3}
      propertyPath: m_LocalEulerAnglesHint.x
      value: 0
      objectReference: {fileID: 0}
    - target: {fileID: 1206719482983690052, guid: 316f91c04b1d10949a657f97533fb654,
        type: 3}
      propertyPath: m_LocalEulerAnglesHint.y
      value: 0
      objectReference: {fileID: 0}
    - target: {fileID: 1206719482983690052, guid: 316f91c04b1d10949a657f97533fb654,
        type: 3}
      propertyPath: m_LocalEulerAnglesHint.z
      value: 0
      objectReference: {fileID: 0}
    - target: {fileID: 1206719482983690055, guid: 316f91c04b1d10949a657f97533fb654,
        type: 3}
      propertyPath: startSpeed
      value: 30
      objectReference: {fileID: 0}
    - target: {fileID: 1561492213262491270, guid: 316f91c04b1d10949a657f97533fb654,
        type: 3}
      propertyPath: viewIdField
      value: 0
      objectReference: {fileID: 0}
    - target: {fileID: 2901003534156120618, guid: 316f91c04b1d10949a657f97533fb654,
        type: 3}
      propertyPath: _abilityEffectPrefab
      value: 
      objectReference: {fileID: 9013661291825185051, guid: 09a8101bafdf02c438c0e3f7c1a21a0c,
        type: 3}
    - target: {fileID: 2901003534156120618, guid: 316f91c04b1d10949a657f97533fb654,
        type: 3}
      propertyPath: _collisionParticlesPrefab
      value: 
      objectReference: {fileID: 4567075824575968295, guid: ba9974df320e24c4fa153e47ddc6d494,
        type: 3}
    m_RemovedComponents: []
  m_SourcePrefab: {fileID: 100100000, guid: 316f91c04b1d10949a657f97533fb654, type: 3}
--- !u!4 &1513308330811170503 stripped
Transform:
  m_CorrespondingSourceObject: {fileID: 8562278815425991728, guid: 316f91c04b1d10949a657f97533fb654,
    type: 3}
  m_PrefabInstance: {fileID: 7193104982884879095}
  m_PrefabAsset: {fileID: 0}
